 Dungeon Crawl Stone Soup version 0.29.1-12-g30fa7ad0bf (webtiles) character file.

Game seed: 2859843278359761850

465 hawla the Chiller (level 7, -10/51 HPs)
             Began as a Meteoran Ice Elementalist on Dec 12, 2022.
             Mangled by a two-headed ogre
             ... wielding a +0 giant spiked club
              (14 damage)
             ... on level 9 of the Dungeon.
             The game lasted 00:06:25 (964 turns).

hawla the Chiller (Meteoran Ice Elementalist)        Turns: 964, Time: 00:06:25

Health: -10/51     AC:  2    Str: 10    XL:     7   Next: 55%
Magic:  7/14       EV: 13    Int: 19    God:
Gold:   157        SH:  0    Dex: 14    Spells: 7/15 levels left

rFire   . . .      SeeInvis .   (no weapon)
rCold   . . .      Faith    .   (no shield)
rNeg    . . .      Spirit   .   a - +0 robe
rPois   .          Reflect  .   (no helmet)
rElec   .          Harm     .   (no cloak)
rCorr   .          Rampage  .   (no gloves)
Will    .....                   (no boots)
Stlth   +.........              (no amulet)
HPRegen 0.17/turn               (no ring)
MPRegen 0.14/turn               (no ring)

@: brilliant, freezing walls, very slightly contaminated, glowing
A: sense surroundings 1, otherworldly, glowing, explore regen
a: no special abilities


You were on level 9 of the Dungeon.
You visited 1 branch of the dungeon, and saw 7 of its levels.

You collected 157 gold pieces.

Inventory:

Armour
 a - a +0 robe (worn)
Potions
 b - a potion of magic
 c - a potion of brilliance


   Skills:
 + Level 0.4 Fighting
 + Level 3.0 Dodging
 - Level 1.4 Stealth
 + Level 4.6 Spellcasting
 + Level 5.7 Conjurations
 + Level 6.0 Ice Magic


You had 7 spell levels left.
You knew the following spells:

 Your Spells              Type           Power      Damage    Failure   Level
a - Freeze                Ice            100%       1d11      1%          1
b - Frozen Ramparts       Ice            80%        1d13      3%          3
c - Hailstorm             Conj/Ice       39%        3d9       12%         4

Your spell library contained the following spells:

 Spells                   Type           Power      Damage    Failure   Level
 Ozocubu's Armour         Ice            40%        N/A       3%          3
 Summon Ice Beast         Ice/Summ       23%        N/A       36%         4
 Summon Mana Viper        Hex/Summ       6%         N/A       98%         5
 Monstrous Menagerie      Summ           3%         N/A       100%        7


Dungeon Overview and Level Annotations

Branches:
Dungeon (6/15) Zot: 3234
 Temple: D:4-7

Altars:
Qazlal


Innate Abilities, Weirdness & Mutations

You passively map a small area around you.
You are easily found by Zot.
You glow in the dark.
You regain HP and MP as you explore.


Message History

Press: ? - help, Shift-Dir - straight line, f/p - two-headed ogre
Aim: a two-headed ogre, wielding a +0 giant spiked club and a +0 giant club (lightly wounded)
You freeze the two-headed ogre.
The two-headed ogre is lightly wounded.
The wall freezes the two-headed ogre but does no damage.
The two-headed ogre closely misses you.
The two-headed ogre hits you with a +0 giant club!
* * * LOW HITPOINT WARNING * * *
You feel clever all of a sudden.
The wall freezes the two-headed ogre.
The two-headed ogre barely misses you. The two-headed ogre misses you.
Casting: Freeze (safe; 1% risk of failure)
Confirm with . or Enter, or press ? or * to list all spells.
Aiming: Freeze (safe; 1% risk of failure)
Press: ? - help, Shift-Dir - straight line, f/p - two-headed ogre
Aim: a two-headed ogre, wielding a +0 giant spiked club and a +0 giant club (moderately wounded)
You feel a surge of power!
You freeze the two-headed ogre!
The two-headed ogre is moderately wounded.
Casting: Freeze (safe; 1% risk of failure)
Confirm with . or Enter, or press ? or * to list all spells.
Aiming: Freeze (safe; 1% risk of failure)
Press: ? - help, Shift-Dir - straight line, f/p - two-headed ogre
Aim: a two-headed ogre, wielding a +0 giant spiked club and a +0 giant club (moderately wounded)
You feel a surge of power!
You freeze the two-headed ogre.
The two-headed ogre is heavily wounded.
The wall freezes the two-headed ogre.
The two-headed ogre hits you with a +0 giant spiked club!
* * * LOW HITPOINT WARNING * * *
The two-headed ogre misses you.
Casting: Freeze (safe; 1% risk of failure)
Confirm with . or Enter, or press ? or * to list all spells.
Aiming: Freeze (safe; 1% risk of failure)
Press: ? - help, Shift-Dir - straight line, f/p - two-headed ogre
Aim: a two-headed ogre, wielding a +0 giant spiked club and a +0 giant club (heavily wounded)
You feel a surge of power!
You freeze the two-headed ogre.
The two-headed ogre is heavily wounded.
A cyclops comes into view.
The wall freezes the two-headed ogre.
The two-headed ogre closely misses you.
The two-headed ogre hits you with a +0 giant club!
You die...

, * , , , ,
, ,
,####+####
#.......# ,
, #.......##
,,
C........+
,, , ,,*
.........##,
,* + *
..........#
+ , *
#.....O@###*
,
#+#...#'#.#,
,
#####...##,
, #......+ ,
, ,
#......## ,
#.......# ,
,,
+.......#, ,
, , ,
#.......# ,
, ,
#......###


You could see a two-headed ogre and a cyclops (wandering).

Vanquished Creatures
  A phantom (D:6)
  A necrophage (D:6)
  A scorpion (D:5)
  2 jellies (D:6)
  A hound (D:6)
  2 orc priests
  An iguana (D:5)
  An orc wizard (D:4)
  4 adders
  A shadow imp (D:5)
  A dart slug (D:4)
  8 orcs
  An endoplasm (D:2)
  A giant cockroach (D:4)
  A hobgoblin (D:3)
  A quokka (D:5)
  A rat (D:2)
29 creatures vanquished.

Notes
Turn   | Place    | Note
-------+----------+-------------------------------------------
     0 | D:1      | hawla the Meteoran Ice Elementalist began the quest for the
                  | Orb.
     0 | D:1      | Reached XP level 1. HP: 14/14 MP: 5/5
    41 | D:3      | Noticed an orc priest
    80 | D:2      | Reached XP level 2. HP: 4/20 MP: 1/7
   159 | D:2      | Reached skill level 5 in Ice Magic
   159 | D:2      | Reached XP level 3. HP: 4/26 MP: 5/8
   205 | D:2      | Identified the +2 leather armour "Oruutt" {Harm}
   290 | D:3      | Reached XP level 4. HP: 22/33 MP: 5/10
   295 | D:3      | Learned a level 3 spell: Frozen Ramparts
   309 | D:4      | Reached XP level 5. HP: 38/38 MP: 6/11
   363 | D:5      | Entered Level 5 of the Dungeon
   393 | D:5      | Learned a level 4 spell: Hailstorm
   417 | D:5      | Identified the +0 pair of gloves of Lucidity {Int+5}
   455 | D:5      | Reached skill level 1 in Conjurations
   458 | D:5      | Reached XP level 6. HP: 42/45 MP: 4/13
   684 | D:6      | Reached skill level 5 in Conjurations
   763 | D:6      | Found a stormy altar of Qazlal.
   825 | D:6      | Reached XP level 7. HP: 44/50 MP: 8/14
   893 | D:6      | Reached skill level 6 in Ice Magic
   931 | D:6      | You fall into a shaft and drop 3 floors!
   956 | D:9      | Noticed a two-headed ogre
   964 | D:9      | Noticed a cyclops
   964 | D:9      | Mangled by a two-headed ogre

Illustrated notes

Levels and vault maps discovered:
D:1:      dpeg_arrival_tiny_i, layout_basic,
          hellmonk_ecumenical_altar_watching_god, hangedman_decor_opposing
D:2:      minmay_spotlight, layout_basic, minmay_tromino_v4_a, uniq_terence,
          uniq_crazy_yiuf_cottage
D:3:      layout_basic, kiku_gazebo_pond_becter, grunt_ministairs_13,
          chequers_serial_rivers_large_b
D:4:      layout_basic, minmay_temple_entry_junction_2,
          kennysheep_windowed_goal, uniq_blork_the_orc, uniq_ijyb, uniq_pikel
D:5:      layout_loops_ring
D:6:      lemuel_slime, layout_basic, nicolae_qazlal_scattered_showers,
          nicolae_hexahallways, hangedman_decor_slide_cut
D:9:      nicolae_cairo_tiling_very_big, layout_cross, orc_0_dummy, uniq_joseph

Skill      XL: |  1  2  3  4  5  6  7 |
---------------+----------------------+-----
Spellcasting   | 3 4 |  4.6
Ice Magic      | 5 6 |  6.0
Conjurations   | 3 5 |  5.7
Dodging        | 3 |  3.0
Fighting       | |  0.4
Stealth        | |  1.4

Action                   |  1- 3 |  4- 6 |  7- 9 || total
-------------------------+-------+-------+-------++-------
Melee: Unarmed           |       |    65 |    11 ||    76
 Cast: Freeze            |    17 |    20 |     7 ||    44
       Frozen Ramparts   |       |     8 |     3 ||    11
       Hailstorm         |       |     2 |     1 ||     3
  Use: Potion            |       |     3 |     1 ||     4
       Scroll            |       |     1 |     1 ||     2
Armor: Robe              |     2 |    17 |     1 ||    20
       Skin              |       |     2 |       ||     2
Dodge: Dodged            |    16 |    31 |    13 ||    60
